AoeStats
← Roidz4

Arabia

508890880Analyzed
2v2 RM · 9d ago on Sep 24, 2026· 48m 34s· 4 players
Game mode
Random Map
Map size
Medium (4 player)
Population
200
Speed
Normal
Resources
Standard
Victory
Conquest
Starting age
Dark Age
Ending age
Imperial Age
RankedLock teamsTeams togetherTeam positionsShared explorationLock speedFull tech treeHidden civsTurbo modeCheats
Victory
Defeat
🇺🇸 Varangians · United States
1114
+15
🇲🇽 Koreans · Mexico
1084
+15
🇿🇦 Ethiopians · South Africa
1107
-16
🇨🇱 Teutons · Chile
1057
-32
Muad Quim
4:51 Loom
9:52 Feudal Age
12:55 Bloodlines
15:26 Scale Barding Armor
15:31 Forging
20:34 Castle Age
19:02 Horse Collar
19:49 Double-Bit Axe
21:22 Husbandry
20:44 Light Cavalry
21:57 Chain Barding Armor
31:12 Fletching
38:08 Bodkin Arrow
40:27 Wheelbarrow
39:38 Town Watch
42:51 Imperial Age
40:33 Gold Mining
42:34 Iron Casting
42:10 Stone Mining
42:51 Heavy Plow
44:06 Hand Cart
43:22 Cavalier
44:14 Cavalier
45:47 Crop Rotation
46:12 Plate Barding Armor
45:39 Vendel Legacy
47:51 Blast Furnace
Cid Hitokiri
6:09 Loom
9:27 Feudal Age
10:11 Double-Bit Axe
11:59 Town Watch
12:46 Horse Collar
13:02 Fletching
16:55 Wheelbarrow
20:37 Castle Age
21:45 Bow Saw
22:56 Horse Collar
23:21 Bodkin Arrow
25:33 Ballistics
29:36 Masonry
29:09 Treadmill Crane
31:13 Stone Mining
31:15 Gold Mining
33:17 Husbandry
38:12 Imperial Age
37:22 Eupseong
37:34 Murder Holes
38:37 Gold Shaft Mining
38:39 Stone Shaft Mining
39:26 Conscription
39:50 Architecture
42:03 Chemistry
42:42 Bracer
42:47 Elite War Wagon
48:04 Scale Barding Armor
48:09 Forging
47:24 Cavalier
Cereweon
12:02 Feudal Age
16:17 Castle Age
16:37 Double-Bit Axe
18:44 Wheelbarrow
17:49 Man-at-Arms
18:15 Gambesons
18:37 Squires
18:31 Horse Collar
21:56 Pikeman
25:57 Bow Saw
25:59 Heavy Plow
25:58 Arson
26:54 Forging
29:28 Hand Cart
29:00 Town Watch
29:02 Loom
32:38 Iron Casting
31:36 Long Swordsman
37:31 Fletching
37:44 Scale Mail Armor
37:18 Crossbowman
39:38 Town Patrol
40:03 Gold Mining
40:03 Stone Mining
46:34 Imperial Age
Roidz4
6:39 Loom
9:37 Feudal Age
10:36 Double-Bit Axe
15:08 Horse Collar
18:34 Fletching
24:49 Castle Age
24:53 Crossbowman
27:06 Bow Saw
26:57 Heavy Plow
26:59 Bodkin Arrow
34:21 Imperial Age
31:59 Padded Archer Armor
32:01 Scale Mail Armor
34:38 Arbalester
35:27 Bracer
35:44 Chain Mail Armor
37:50 Ballistics
Connection lost

Rejoining the realm…

Still unreachable

The connection could not be restored.

Session expired

The server has moved on; the page needs a fresh start.